 Dungeon Crawl Stone Soup version 0.18.1-48-g4cf74bf (webtiles) character file.

3948 ololoev the Destroyer (level 10, -16/50 HPs)
             Began as a Deep Elf Fire Elementalist on July 27, 2016.
             Was a High Priest of Sif Muna.
             Demolished by a red ugly thing (22 damage)
             ... on level 11 of the Dungeon.
             The game lasted 00:25:58 (3139 turns).

ololoev the Destroyer (Deep Elf Fire Elementalist)  Turns: 3139, Time: 00:25:58

Health: -16/50     AC:  7    Str:  5    XL:     10   Next: 2%
Magic:  34/34      EV: 13    Int: 24    God:    Sif Muna [*****.]
Gold:   373        SH:  0    Dex: 15    Spells: 5 memorised, 11 levels left

rFire  . . .     SeeInvis .     a - +2 dagger (venom)
rCold  . . .     Gourm    .     j - +0 robe
rNeg   . . .     Faith    +     (no shield)
rPois  .         Spirit   .     f - +0 helmet
rElec  .         Dismiss  .     (no cloak)
rCorr  .         Reflect  .     (no gloves)
SustAt .         Harm     .     (no boots)
MR     +....                    d - amulet of faith
Stlth  ++........               o - +4 ring of protection
                                i - ring of magical power

@: somewhat resistant to hostile enchantments, unstealthy
A: no striking features
a: Channel Energy, Forget Spell, Renounce Religion

Inventory:

Hand Weapons
 a - a +2 dagger of venom (weapon)
Armour
 f - a +0 helmet (worn)
 j - a +0 robe (worn)
Jewellery
 d - an amulet of faith (around neck)
 i - a ring of magical power (left hand)
 o - a +4 ring of protection (right hand)
 w - an uncursed ring of poison resistance
Scrolls
 b - a scroll of random uselessness {unknown}
 e - 6 scrolls of identify
 g - a scroll of immolation {unknown}
 h - a scroll of enchant armour {unknown}
 k - a scroll of remove curse
 l - a scroll of amnesia {unknown}
 n - 2 scrolls of teleportation {unknown}
 q - a scroll of fog {unknown}
 s - a scroll of blinking {unknown}
 t - 2 scrolls of recharging {unknown}
 v - a scroll of enchant weapon {unknown}
 y - a scroll of holy word {unknown}
Potions
 x - a potion of might
Comestibles
 c - 6 bread rations
 m - 4 fruits
 p - a slice of pizza
 r - a beef jerky
 z - a meat ration
 A - 2 chunks of flesh


   Skills:
 + Level 0.0 Fighting
 + Level 2.5 Dodging
 - Level 2.4 Stealth
 * Level 9.0 Spellcasting
 * Level 10.0 Conjurations
 * Level 8.1 Fire Magic
 - Level 6.5 Invocations


You had 11 spell levels left.
You knew the following spells:

 Your Spells              Type           Power        Failure   Level  Hunger
a - Flame Tongue          Conj/Fire      #####        1%          1    None
b - Conjure Flame         Conj/Fire      ######..     1%          3    None
c - Sticky Flame          Conj/Fire      ######..     1%          4    ##.....
d - Fireball              Conj/Fire      ######....   4%          5    ####...
e - Inner Flame           Hex/Fire       ####....     3%          3    None


You were on level 11 of the Dungeon.
You worshipped Sif Muna.
Sif Muna was extremely pleased with you.
You were not hungry.

You visited 3 branches of the dungeon, and saw 13 of its levels.

You collected 373 gold pieces.

.....####.# ##..
#.........# #.#
#..#.####.# #.#
#..#§####.#### #.#
#............. #.#
..........## #.#
..........# #.#
..........#######u####.#
................@Z.....#
..........#<.............
##+######.##.####.###..##
##.######.##.# #.# .#
.............####.## #
....................
...######.##.####### ####
#.##.# ###.##.########

Notes
Turn   | Place    | Note
--------------------------------------------------------------
     0 | D:1      | ololoev the Deep Elf Fire Elementalist began the quest for the Orb.
     0 | D:1      | Reached XP level 1. HP: 10/10 MP: 6/6
    26 | D:1      | Reached skill level 2 in Conjurations
    26 | D:1      | Reached XP level 2. HP: 15/15 MP: 1/8
   297 | D:2      | Reached XP level 3. HP: 18/19 MP: 5/9
   303 | D:2      | Learned a level 3 spell: Conjure Flame
   307 | D:2      | Learned a level 3 spell: Inner Flame
   709 | D:3      | Reached skill level 3 in Conjurations
   774 | D:4      | Found an oddly glowing altar of Pakellas.
   809 | D:5      | Entered Level 5 of the Dungeon
   834 | D:5      | Noticed a phantom
   863 | D:4      | Reached XP level 4. HP: 14/24 MP: 4/11
   993 | D:5      | Reached skill level 4 in Conjurations
   993 | D:5      | Reached XP level 5. HP: 8/28 MP: 1/13
  1034 | D:5      | Found a staircase to the Ecumenical Temple.
  1043 | Temple   | Entered the Ecumenical Temple
  1081 | Temple   | Became a worshipper of Sif Muna the Loreminder
  1201 | D:5      | Learned a level 4 spell: Sticky Flame
  1422 | D:5      | Found a basalt altar of Yredelemnul.
  1551 | D:6      | Reached skill level 1 in Invocations
  1551 | D:6      | Reached XP level 6. HP: 29/32 MP: 2/15
  1616 | D:7      | Found a shadowy altar of Dithmenos.
  1691 | D:7      | Reached skill level 5 in Conjurations
  1754 | D:7      | Reached skill level 5 in Spellcasting
  1801 | D:7      | Goblin1989: ну вот, 15 рун собрал
  1804 | D:7      | ololoev: иди дальше зигуй
  1804 | D:7      | Goblin1989: с вехом что ли?
  1806 | D:7      | Reached skill level 5 in Fire Magic
  1823 | D:7      | Noticed an orc warrior
  1834 | D:7      | ololoev: можно и к хлебу укатиться
  1837 | D:7      | Reached * piety under Sif Muna
  1843 | D:7      | Reached XP level 7. HP: 29/36 MP: 3/17
  1867 | D:7      | Reached skill level 6 in Conjurations
  1929 | D:9      | Learned a level 5 spell: Fireball
  1948 | D:9      | Found a staircase to the Lair.
  1955 | Lair:1   | Entered Level 1 of the Lair of Beasts
  2062 | D:10     | Entered Level 10 of the Dungeon
  2066 | D:10     | Reached ** piety under Sif Muna
  2069 | D:10     | Noticed a hill giant
  2076 | D:10     | Killed a hill giant
  2076 | D:10     | Reached skill level 7 in Conjurations
  2076 | D:10     | Reached XP level 8. HP: 41/41 MP: 2/20
  2083 | D:10     | Noticed a hill giant
  2099 | D:10     | Killed a hill giant
  2099 | D:10     | Reached *** piety under Sif Muna
  2099 | D:10     | Reached skill level 8 in Conjurations
  2113 | D:10     | Goblin1989: может, если убью еще парочку демонспавнов в 0,17
  2123 | D:10     | Goblin1989: если чесно доставать руны им было немного скучно
  2123 | D:10     | Goblin1989: я даже не сразу заметил когда у меня слетел негр в томбах
  2123 | D:10     | Goblin1989: только когда у меня жизнь отполовинили
  2123 | D:10     | ololoev: так всегда, если делаешь мегазиги то все остальное скучно
  2123 | D:10     | ololoev: это ты еще играешь в версию с фигуркой
  2123 | D:10     | ololoev: представь каково мне было когда я лазил по панам в поисках портала в зиг
  2123 | D:10     | Goblin1989: да, уже представил
  2123 | D:10     | Goblin1989: а на американском сервере есть чувак, который MiMo мегазигует в 0,17
  2123 | D:10     | Goblin1989: и у него у же было больше 25 зигов, когда я его смотрел
  2139 | D:9      | Reached skill level 5 in Invocations
  2168 | D:9      | Reached XP level 9. HP: 45/45 MP: 22/22
  2251 | D:9      | Reached skill level 9 in Conjurations
  2415 | D:10     | Reached **** piety under Sif Muna
  2475 | D:10     | Noticed a troll
  2481 | D:10     | Killed a troll
  2603 | D:10     | Found a shadowy altar of Dithmenos.
  3056 | D:11     | Reached ***** piety under Sif Muna
  3056 | D:11     | Reached skill level 10 in Conjurations
  3077 | D:11     | Reached XP level 10. HP: 50/50 MP: 15/25
  3134 | D:11     | Noticed a red ugly thing
  3139 | D:11     | Demolished by a red ugly thing

Dungeon Overview and Level Annotations

Branches:
Dungeon (11/15)            Temple (1/1) D:5            Lair (1/8) D:9
    Orc: D:9-12

Altars:
Ashenzari
Cheibriados
Dithmenos
Elyvilon
Fedhas
Gozag
Kikubaaqudgha
Makhleb
Nemelex Xobeh
Okawaru
Pakellas
Qazlal
Ru
Sif Muna
Trog
Vehumet
Xom
Yredelemnul
The Shining One


Message History

The flame tongue hits the hungry ghost.
The hungry ghost is severely damaged.
Casting: Flame Tongue
Confirm with . or Enter, or press ? or * to list all spells.
Aiming: Flame Tongue
Press: ? - help, Shift-Dir - straight line, f/p - hungry ghost
Aim: a hungry ghost (severely damaged)
The flame tongue hits the hungry ghost.
The hungry ghost is almost destroyed.
Casting: Flame Tongue
Confirm with . or Enter, or press ? or * to list all spells.
Aiming: Flame Tongue
Press: ? - help, Shift-Dir - straight line, f/p - hungry ghost
Aim: a hungry ghost (almost destroyed)
The flame tongue misses the hungry ghost.
Casting: Flame Tongue
Confirm with . or Enter, or press ? or * to list all spells.
Aiming: Flame Tongue
Press: ? - help, Shift-Dir - straight line, f/p - hungry ghost
Aim: a hungry ghost (almost destroyed)
The flame tongue misses the hungry ghost.
Casting: Flame Tongue
Confirm with . or Enter, or press ? or * to list all spells.
Aiming: Flame Tongue
Press: ? - help, Shift-Dir - straight line, f/p - hungry ghost
Aim: a hungry ghost (almost destroyed)
The flame tongue hits the hungry ghost.
You destroy the hungry ghost!
Your Spellcasting skill increases to level 9!
Your Conjurations skill increases to level 10!
Eat which item? (? for menu, Esc to quit)
Okay, then.
An ogre comes into view. It is wielding a giant club.
Casting: Flame Tongue
Confirm with . or Enter, or press ? or * to list all spells.
Aiming: Fireball
Press: ? - help, Shift-Dir - straight line, f - ogre
Aim: an ogre, wielding a giant club (resting)
The fireball explodes!
The fireball engulfs the ogre.
The ogre is severely wounded.
The ogre shouts!
Casting: Fireball
Confirm with . or Enter, or press ? or * to list all spells.
Aiming: Fireball
Press: ? - help, Shift-Dir - straight line, f/p - ogre
Aim: an ogre, wielding a giant club (severely wounded)
The fireball explodes!
The fireball engulfs the ogre.
You kill the ogre!
You have reached level 10!
You are near starving!
Things that are here:
a giant club; an ogre corpse You butcher the ogre corpse.
A - 4 chunks of flesh You see here a giant club.
Eat one of 4 chunks of flesh? (ye/n/q/i?) This raw flesh tastes terrible.
You are feeling hungry.
You continue eating. x2
Eat one of 3 chunks of flesh? (ye/n/q/i?) This raw flesh tastes terrible.
You continue eating. x2
A red ugly thing comes into view.
The red ugly thing gurgles horribly!
A giant frog skeleton comes into view.
The red ugly thing kicks you!
You are engulfed in flames!
Read which item? (? for menu, Esc to quit)
Okay, then.
Drink which item? (? for menu, Esc to quit)
Okay, then.
Drink which item? (? for menu, Esc to quit)
It was a potion of ambrosia.
You are confused.
You feel invigorated. The red ugly thing kicks you.
You are engulfed in flames!
You bump into the rock wall.
The red ugly thing misses you.
You bump into the rock wall.
You feel less invigorated.
You feel less confused.
The giant frog skeleton hits you but does no damage.
The red ugly thing kicks you!
You are engulfed in flames!!
You die...

You could see a red ugly thing and a giant frog skeleton.

Vanquished Creatures
  2 hill giants (D:10)
  A troll (D:10)
  A two-headed ogre (D:10)
  4 yaks (D:9)
  A wraith (D:10)
  A hungry ghost (D:11)
  2 orc warriors
  3 ogres
  A centaur (D:10)
  3 big kobolds
  2 giant frogs
  2 scorpions
  4 wights (D:11)
  A crimson imp (D:10)
  A centaur zombie (D:10)
  A hound (D:7)
  A quasit (D:9)
  3 orc wizards
  4 orc priests
  4 iguanas
  2 worker ants
  2 hound zombies (D:11)
  A worker ant zombie (D:10)
  4 adders
  A howler monkey skeleton (D:9)
  An ooze (D:1)
  An adder skeleton (D:5)
  An adder zombie (D:5)
  A worm (D:5)
  2 dart slugs (D:1)
  3 giant geckos
  17 orcs
  A giant cockroach (D:3)
  5 goblins
  3 hobgoblins
  3 quokkas
  A ball python (D:1)
  A bat (D:2)
  3 giant newts
  A jackal skeleton (D:5)
  17 kobolds
  2 rats
115 creatures vanquished.

Action                   |  1- 3 |  4- 6 |  7- 9 | 10-12 || total
-------------------------+-------+-------+-------+-------++-------
Melee: Short sword       |     5 |       |       |       ||     5
       Unarmed           |     1 |       |       |       ||     1
       Morningstar       |       |     4 |       |       ||     4
       Dagger            |       |       |    11 |       ||    11
 Cast: Flame Tongue      |    65 |    59 |    68 |       ||   192
       Conjure Flame     |       |     9 |    18 |       ||    27
       Sticky Flame      |       |     3 |     3 |       ||     6
       Inner Flame       |       |     2 |    15 |       ||    17
       Fireball          |       |       |    19 |     1 ||    20
Invok: Channel Energy    |       |     1 |    81 |       ||    82
  Use: Potion            |       |     5 |       |     1 ||     6
       Scroll            |       |       |     2 |       ||     2
 Stab: Sleeping          |     2 |       |       |       ||     2
  Eat: Chunk             |       |     4 |    20 |     2 ||    26
Armor: Robe              |     4 |     7 |     6 |     1 ||    18
       Skin              |       |     3 |       |       ||     3
Dodge: Dodged            |    24 |    14 |    17 |     1 ||    56

Vault maps used:
D:1:      dpeg_arrival_simpleton_a
D:2:      uniq_jessica, uniq_sigmund, uniq_iyjb
D:3:      first_bread
D:4:      lemuel_round_altar
D:5:      temple_hall, yredelemnul_altar_generic
D:6:      nicolae_overflow_crystal_walls
D:7:      nicolae_dithmenos_the_darkroom
D:8:      minmay_flawed_box
D:9:      lair_0_dummy, orc_0_dummy, minmay_misc_feat_columns,
          hangedman_fish_farm, kennysheep_big_empty_room,
          hangedman_decor_lopped, statue_in_the_mist_lemuel
D:10:     basic_altar, kennysheep_nondescript
Temple:   kilobyte_greek_temple_18
